 Dungeon Crawl Stone Soup version 0.13.0-5-g7e31f0a (webtiles) character file.

158 HungrySpirit the Chopper (level 4, -2/28 HPs)
             Began as a Gargoyle Fighter on Oct 14, 2013.
             Slain by a small abomination (9 damage)
             ... on Level 1 of the Abyss.
             The game lasted 00:02:40 (1318 turns).

HungrySpirit the Chopper (Gargoyle Fighter)         Turns: 1318, Time: 00:02:40

HP  -2/28        AC 12     Str 20      XL: 4   Next:  8%
MP   3/3         EV  6     Int  9      God:
Gold 96          SH 18     Dex  9      Spells:  0 memorised,  3 levels left

Res.Fire  : . . .   See Invis. : .   a - +0 hand axe {=f}
Res.Cold  : . . .   Warding    : .   b - +0 scale mail
Life Prot.: + . .   Conserve   : .   c - +0 shield
Res.Poison: +       Res.Corr.  : .   (no helmet)
Res.Elec. : +       Clarity    : .   q - +0 cloak
Sust.Abil.: . .     Spirit.Shd : .   (no gloves)
Res.Mut.  : .       Stasis     : .   h - +0 pair of boots
Res.Rott. : +       Flight     : .   (no amulet)
Saprovore : . . .                    (no ring)
                                     (no ring)

@: slightly resistant to hostile enchantments, extremely unstealthy
A: fangs 1, talons 2, life protection 1, electricity resistance, slow metabolism
1, unbreathing, petrification resistance, AC +3
a: no special abilities


You were on level 1 of the Abyss.
You were not hungry.

You visited 1 branch of the dungeon, and saw 2 of its levels.
You visited the Abyss 1 time.

You collected 76 gold pieces.

Inventory:

Hand weapons
 a - a +0,+0 hand axe (weapon) {=f}
Armour
 b - a +0 scale mail (worn)
 c - a +0 shield (worn)
 h - a +0 pair of boots (worn)
 q - a +0 cloak (worn)
Comestibles
 d - 2 bread rations
Scrolls
 e - 3 scrolls of recharging {unknown}
 f - 2 scrolls of blinking {unknown}
 g - a scroll of teleportation {unknown}
 k - a scroll of fog {unknown}
 m - a scroll of noise {unknown}
 n - a scroll of curse weapon {unknown}
Potions
 i - a potion of brilliance {unknown}
 j - a potion of slowing {unknown}
 l - a potion of curing {unknown}
 o - a potion of resistance {unknown}
 p - a potion of mutation {unknown}


   Skills:
 - Level 3.2 Fighting
 + Level 3.8 Axes
 - Level 3.2 Armour
 - Level 3.2 Shields


You had 3 spell levels left.
You didn't know any spells.

Dungeon Overview and Level Annotations

Branches:
Dungeon (2/27)

Altars:


Innate Abilities, Weirdness & Mutations

You are resistant to torment.
You are immune to poison.
Your stone body is very resilient (AC +3).
You have very sharp teeth.
You have razor-sharp toenails.
You resist negative energy.
You are resistant to electric shocks.
You have a slow metabolism.
You can survive without breathing.
You are immune to petrification.


Message History

Found a cloak.
You see here a cloak.
q - a cloak Wear which item? (? for menu, Esc to quit)
You start putting on your armour.
You continue putting on your cloak.
You finish putting on your +0 cloak.
Found 10 exploding sling bullets.
A small abomination comes into view.
The small abomination hits you but does no damage.
Found 16 darts of frost and a runed war axe.
You block the small abomination's attack.
You see here 16 darts of frost.
The small abomination hits you!
* * * LOW HITPOINT WARNING * * *
Found an orcish flail.
You block the small abomination's attack.
Found a pink potion.
Found an orcish flail.
The small abomination hits you!
You die...

..# #.....#.
........ .........
... ....... .....
#..... .....#
##...###...###
....#.....#.....#.!
........@..........#
.........x........#
.................#
...#.....#.....#.#
... ##...###...#####
. #.....#.....#.≈ #
. ...............≈..
. . ....)...
......≈≈ .
..................


You could see a small abomination.

Vanquished Creatures
  2 gnolls (D:2)
  2 adders (D:2)
  3 giant cockroaches (D:1)
  4 hobgoblins (D:1)
  5 bats
  2 giant newts
  3 goblins
  5 kobolds
  A rat (D:1)
27 creatures vanquished.

Notes
Turn   | Place    | Note
--------------------------------------------------------------
     0 | D:1      | HungrySpirit, the Gargoyle Fighter, began the quest for the Orb.
     0 | D:1      | Reached XP level 1. HP: 14/14 MP: 0/0
   276 | D:1      | Reached XP level 2. HP: 19/19 MP: 1/1
   599 | D:2      | Reached XP level 3. HP: 17/24 MP: 2/2
  1054 | D:2      | Reached XP level 4. HP: 25/28 MP: 3/3
  1253 | D:2      | Cast into the Abyss (gnoll)
  1288 | Abyss:1  | Noticed a small abomination
  1318 | Abyss:1  | Slain by a small abomination

Action                   |  1- 3 |  4- 6 || total
-------------------------+-------+-------++-------
Melee: Hand axe          |    87 |    12 ||    99
